Map: The Vermillion Problem

Players

Yuriprime

  • Race: Zerg Zerg
  • Spawn Location: 11:00

LilArrin

  • Race: Terran Terran
  • Spawn Location: 11:00

VOD

Have the link to the VOD?

Description

Time

  • Played on: Jan. 20, 2018, 1:21 a.m.
  • Length: 22:13
Show
View Real Time Build Order
Export as new Build Order

Yuriprime Zerg 

Build Orders:  

Get SALT Encoding   

  12  0:04  Drone  
  13  0:19  Overlord  
  13  0:25  Drone  
  14  0:44  Drone x3  
  14  0:48  Drone  
  18  0:53  Extractor  
  17  1:25  Overlord, Drone  
  17  1:26  Roach Warren  
  17  1:55  Roach  
  17  1:56  Drone  
  17  1:57  Roach  
  17  1:59  Drone  
  23  2:04  Drone  
  23  2:09  Drone  
  25  2:19  Drone  
  26  2:20  Drone  
  27  2:38  Roach  
  29  2:40  Roach  
  29  2:42  Extractor  
  29  2:43  Overlord  
  28  3:02  Brutalisk  
  28  3:15  Lair  
  28  3:16  Drone  
  28  3:17  Drone x3  
  32  4:01  Spire  
  32  4:02  Drone  
  32  4:03  Drone x5  
  37  5:30  Overlord x4  
  37  5:31  Overlord  
  37  5:32  Drone  
  38  5:40  Hatchery, Extractor  
  38  5:43  Extractor  
  35  5:56  Roach  
  35  6:02  Mutalisk x2  
  35  6:04  Drone  
  35  6:05  Drone x3  
  43  6:11  Drone  
  43  6:18  Brutalisk  
  44  6:53  Mutalisk  
  46  7:43  Drone  
  46  7:44  Drone x8  
  46  7:45  Drone x9  
  64  8:20  Infestation Pit  
  64  8:22  Evolution Chamber  
  64  8:23  Zerg Flyer Weapons Level 1  
  64  8:24  Drone  
  64  8:25  Drone x3  
  66  8:39  Roach  
  66  9:01  Brutalisk  
  66  9:30  Zerg Missile Weapons Level 1  
  66  9:35  Hive  
  66  9:44  Mutalisk  
  66  9:51  Mutalisk  
  66  10:05  Mutalisk  
  66  10:06  Mutalisk x7  
  66  10:07  Overlord x3  
  66  10:08  Overlord x5  
  80  10:12  Leviathan  
  80  10:19  Leviathan  
  80  10:34  Leviathan  
  78  10:56  Mutalisk  
  74  11:24  Leviathan  
  74  11:38  Roach  
  76  11:40  Mutalisk x4  
  76  11:41  Mutalisk x3  
  90  12:17  Mutalisk x3  
  94  13:04  Roach  
  86  13:26  Brutalisk  
  84  14:15  Mutalisk x2  
  84  14:16  Mutalisk x7  
  102  14:22  Drone x4  
  106  14:37  Sundering Glave  
  106  14:51  Hatchery, Drone x2  
  106  14:52  Drone x2  
  106  14:56  Extractor  
  108  15:03  Extractor  
  107  16:01  Rapid Regeneration  
  107  16:10  Zerg Missile Weapons Level 2  
  107  16:12  Mutalisk  
  109  16:21  Drone x2  
  109  16:22  Drone x6  
  117  16:43  Vicious Glave  
  117  17:01  Mutalisk x3  
  117  17:02  Mutalisk x2  
  127  17:46  Zerg Flyer Weapons Level 2  
  127  17:52  Mutalisk  
  127  17:53  Mutalisk x5  
  139  18:32  Mutalisk  
  139  18:33  Mutalisk x3  
  139  18:39  Drone  
  148  18:40  Drone x6  
  154  18:58  Overlord x4  
  154  18:59  Overlord x4  
  154  19:00  Overlord x3  
  153  20:45  Overlord  
  153  20:46  Overlord x4  
Show
View Real Time Build Order
Export as new Build Order

LilArrin Terran 

Build Orders:  

Get SALT Encoding   

  12  0:03  SCV  
  13  0:20  SCV  
  14  0:37  SCV  
  15  0:40  Supply Depot  
  15  0:54  SCV  
  16  1:11  SCV  
  17  1:23  Command Center  
  17  1:28  SCV  
  18  1:45  SCV  
  18  1:48  Barracks  
  19  2:02  SCV  
  20  2:21  Orbital Command  
  20  2:43  Command Center  
  20  2:57  SCV  
  21  3:03  Orbital Command  
  21  3:09  Refinery  
  21  3:14  SCV  
  21  3:18  Refinery  
  22  3:29  Barracks  
  22  3:34  SCV  
  23  3:45  Combat Shields  
  23  3:49  Engineering Bay  
  23  3:51  SCV  
  23  3:57  Barracks Tech Lab  
  24  4:00  Barracks  
  24  4:08  SCV  
  25  4:19  Barracks Reactor  
  25  4:25  SCV  
  25  4:27  Supply Depot  
  26  4:33  Orbital Command  
  26  4:51  Orbital Command  
  26  5:04  SCV  
  26  5:05  Barracks Reactor, Marine  
  28  5:15  Marine  
  29  5:24  SCV  
  29  5:25  Marine x2  
  29  5:26  Marine  
  29  5:27  Terran Infantry Weapons Level 1  
  33  5:35  Marine  
  33  5:39  Marine  
  34  5:40  SCV x2  
  34  5:41  SCV  
  34  5:42  Marine  
  34  5:46  Medic  
  34  5:49  Supply Depot  
  41  5:50  Marine  
  41  5:52  Marine  
  41  5:56  Medic  
  41  5:57  Marine, SCV  
  46  6:00  Marine  
  46  6:02  Marine x2  
  46  6:06  Medic  
  52  6:11  Marine  
  52  6:12  Marine x2  
  52  6:16  Medic  
  52  6:17  Marine  
  58  6:22  Marine x2  
  58  6:23  Marine  
  61  6:30  SCV  
  61  6:32  Marine x2  
  61  6:36  Marine  
  61  6:38  Marine  
  65  6:47  SCV  
  67  6:50  Marine x2, Stabilizer Medpacks  
  69  7:11  Marine x3, Supply Depot  
  69  7:13  Supply Depot  
  69  7:14  SCV  
  69  7:15  Marine  
  69  7:16  Marine, Supply Depot  
  75  7:22  Marine  
  75  7:23  Marine x2  
  75  7:26  Medic  
  75  7:28  Marine  
  80  7:31  SCV  
  80  7:33  Marine x3  
  80  7:36  SCV  
  80  7:38  Marine  
  86  7:47  Marine x2  
  86  7:48  Medic, Marine, SCV  
  93  8:04  Supply Depot  
  93  8:05  Medic, Marine x4  
  93  8:06  Supply Depot  
  93  8:07  SCV, Terran Infantry Armor Level 1  
  100  8:15  Medic, Marine x2  
  100  8:16  Marine x2  
  106  8:25  Marine x3  
  106  8:26  Marine  
  109  8:35  Marine  
  109  8:45  Supply Depot  
  109  8:46  Medic, Marine x3  
  109  8:49  SCV  
  115  8:52  Marine, Supply Depot, SCV x2  
  115  8:56  Medic, Marine  
  121  9:00  Marine  
  121  9:03  Marine  
  121  9:04  Supply Depot  
  121  9:06  Marine  
  121  9:07  Marine  
  125  9:16  Barracks  
  125  9:17  Concussive Shells  
  125  9:19  Marine  
  125  9:20  Marine x2  
  125  9:26  Marine x2  
  130  9:30  Marine x2  
  130  9:36  Marine  
  133  9:43  Marine  
  133  9:46  Marine  
  133  9:50  Medic  
  133  9:52  Marine  
  133  9:56  Barracks Tech Lab  
  133  10:32  Medic, Marine x5, Supply Depot  
  140  10:42  Marine  
  141  10:50  Marine  
  141  10:56  Marine  
  141  11:08  Marine  
  141  11:22  Marine  
  141  11:24  Marine  
  141  11:25  Marine x2  
  141  11:27  Marine  
  141  11:30  Medic  
  141  11:32  Marine  
  141  11:34  Marine, Supply Depot  
  141  11:36  Supply Depot, Marine x2  
  141  11:37  Marine  
  143  11:40  Marine  
  143  11:42  Marine  
  143  11:44  Marine  
  143  11:46  Medic, Marine  
  143  11:47  Marine  
  150  11:51  Marauder  
  150  11:52  Marine  
  150  11:54  Marine  
  150  11:56  Marine x2  
  157  12:44  Marine  
  157  12:51  Supply Depot  
  157  12:52  Medic, Marauder, Marine x3  
  157  12:53  Supply Depot  
  157  12:54  Marine  
  157  12:56  Supply Depot  
  165  13:02  Marine x4  
  165  13:04  Marine  
  165  13:05  Marauder  
  172  13:12  Marauder, Marine x3  
  172  13:14  Marine  
  172  13:18  Marauder  
  178  13:22  Marine  
  178  13:26  Marine x3  
  181  13:31  Marine  
  181  13:33  Marauder  
  181  13:42  Marine x3  
  181  14:06  Marine  
  181  14:08  Marine  
  181  14:11  Marine x2  
  181  14:12  Marine  
  181  14:15  Marauder  
  181  15:05  Command Center  
  181  15:45  Engineering Bay, Factory  
  181  15:56  SCV  
  181  15:58  Barracks  
  181  15:59  Barracks  
  181  16:26  Supply Depot  
  181  16:27  Marauder, Marine x3  
  181  16:29  Marine, Supply Depot, SCV x3  
  189  16:30  Marauder  
  189  16:37  Marine x3  
  192  16:40  Marauder  
  192  16:42  Marauder, Marine  
  192  16:46  Factory Tech Lab  
  200  16:52  Armory  
  200  17:03  Barracks Tech Lab  
  182  17:21  Replenishable Magazine  
  182  17:22  Vulture  
  184  17:32  Vulture  
  184  17:37  Orbital Command  
  186  17:40  Barracks Reactor  
  186  17:42  Vulture  
  188  17:53  Vulture  
  190  18:03  Vulture  
  192  18:13  Vulture  
  194  18:20  Cerberus Mines  
  194  18:23  Vulture  
  196  18:33  Vulture  
  198  18:43  Vulture  
  200  19:10  Vulture  
  200  19:35  Afterburners  
Tags
 
Add a new tag
Caveats
  • Supply blocks, unpowered buildings, or Contaminate may cause inaccurate times.
  • Supply counts are checked every 10 seconds.